 Dungeon Crawl Stone Soup version 0.19-a0-1895-g783e625 (webtiles) character file.

70 inmateoo the Insei (level 4, -2/33 HPs)
             Began as a Demonspawn Skald on Oct 18, 2016.
             Slain by a worker ant (3 damage)
             ... on level 3 of the Dungeon.
             The game lasted 00:04:52 (1394 turns).

inmateoo the Insei (Demonspawn Skald)               Turns: 1394, Time: 00:04:53

Health: -2/33      AC:  5    Str: 13    XL:     4   Next: 4%
Magic:  0/7        EV: 11    Int: 13    God:
Gold:   51         SH:  0    Dex: 13    Spells: 3 memorised, 1 level left

rFire  . . .     SeeInvis .     a - +0 spear
rCold  . . .     Gourm    .     o - +0 leather armour (curse)
rNeg   . . .     Faith    .     (no shield)
rPois  .         Spirit   +     (no helmet)
rElec  .         Reflect  .     j - +1 cloak
rCorr  .         Harm     .     (no gloves)
MR     .....                    (no boots)
Stlth  +.........               (no amulet)
                                (no ring)
                                n - ring of wizardry

@: lethally poisoned (-2 -> -14)
A: hooves 1, powered by pain 1, magic shield
a: no special abilities


You were on level 3 of the Dungeon.
You were not hungry.

You visited 1 branch of the dungeon, and saw 3 of its levels.

You collected 51 gold pieces.

Inventory:

Hand Weapons
 a - a +0 spear (weapon)
 b - a +0 blowgun
Missiles
 k - 6 poisoned needles
Armour
 h - a +0 ring mail
 j - a +1 cloak (worn)
 o - a cursed +0 leather armour (worn)
Jewellery
 n - a ring of wizardry (left hand)
Scrolls
 e - 2 scrolls of remove curse {unknown}
 f - a scroll of blinking {unknown}
 g - a scroll of enchant armour {unknown}
 i - 4 scrolls of identify {unknown}
 m - a scroll of enchant weapon {unknown}
 p - a scroll of noise {unknown}
Books
 c - a book of Battle

   Spells                             Type                      Level
   a - Infusion                       Charms                       1
   b - Shroud of Golubria             Charms/Translocation         2
   c - Song of Slaying                Charms                       2
   d - Spectral Weapon                Hexes/Charms                 3
   e - Regeneration                   Charms/Necromancy            3
Comestibles
 d - a bread ration
 l - 4 chunks of flesh
 q - a royal jelly


   Skills:
 - Level 2.0 Fighting
 - Level 2.4 Polearms
 - Level 0.8 Armour
 - Level 0.8 Dodging
 * Level 2.8 Unarmed Combat
 - Level 2.0 Spellcasting
 - Level 2.6 Charms


You had one spell level left.
You knew the following spells:

 Your Spells              Type           Power        Failure   Level  Hunger
a - Infusion              Chrm           #...         4%          1    ##.....
b - Song of Slaying       Chrm           #.......     7%          2    ###....
c - Regeneration          Chrm/Necr      #.........   34%         3    ####...


Dungeon Overview and Level Annotations

Branches:
Dungeon (3/15)

Altars:


Innate Abilities, Weirdness & Mutations

You have large cloven feet.
You sometimes gain a little power by taking damage.
When hurt, damage is shared between your health and your magic reserves.


Message History

Unknown command.
You aren't carrying any potions.
Unknown command.
Okay, then.
Attack whom?
Press: ? - help, Dir - move target cursor, f/p - worker ant
Aim: a worker ant (almost dead)
You closely miss the worker ant. Your kick misses the worker ant.
The worker ant is almost dead.
* * * LOW HITPOINT WARNING * * *
You feel sick. The worker ant closely misses you.
Unknown command.
Attack whom?
Press: ? - help, Dir - move target cursor, f/p - worker ant
Aim: a worker ant (severely wounded)
You barely miss the worker ant.
The worker ant is severely wounded.
* * * LOW HITPOINT WARNING * * *
You feel sick. The worker ant bites you.
You die...

### ...
####.##################
#.....................#
....#.......#############.#
...#..#.##.# #.#
.........#@# #.# .....
#..#a# #.# #....##..#s# #.#
#..........# #.#
#r##.....### #.# ##
#.##.##.## #.# .# #.# #.#
#.# .######.# #.# #.#
.....g.g# .s# #.#


You could see a worker ant and a giant cockroach.

Vanquished Creatures
  3 adders
  An ooze (D:3)
  2 leopard geckos (D:1)
  An orc (D:3)
  9 giant cockroaches (D:2)
  2 goblins (D:2)
  4 hobgoblins
  2 jackals (D:2)
  A quokka (D:3)
  A ball python (D:2)
  A bat (D:3)
  2 frilled lizards
  3 kobolds
  4 rats (D:2)
36 creatures vanquished.

Notes
Turn   | Place    | Note
-------+----------+-------------------------------------------
     0 | D:1      | inmateoo the Demonspawn Skald began the quest for the Orb.
     0 | D:1      | Reached XP level 1. HP: 16/16 MP: 3/3
   233 | D:2      | Gained mutation: You have large cloven feet. [demonic ancestry]
   233 | D:2      | Reached XP level 2. HP: 22/22 MP: 5/5
   611 | D:3      | Reached skill level 1 in Unarmed Combat
   646 | D:3      | Gained mutation: You sometimes gain a little power by taking damage. [demonic ancestry]
   646 | D:3      | Reached XP level 3. HP: 20/27 MP: 1/6
   675 | D:3      | Learned a level 2 spell: Song of Slaying
  1073 | D:2      | Learned a level 3 spell: Regeneration
  1236 | D:2      | Gained mutation: When hurt, damage is shared between your health and your magic reserves. [demonic ancestry]
  1236 | D:2      | Reached XP level 4. HP: 16/33 MP: 7/7
  1394 | D:3      | HP: 1/33 [poisoned by a worker ant]
  1394 | D:3      | Slain by a worker ant

Vault maps used:
D:1:      eino_arrival_water_star
D:2:      minmay_roachtagon, uniq_crazy_yiuf_cottage
D:3:      uniq_sigmund

Skill      XL: |  1  2  3 |
---------------+----------+-----
Polearms       | 2 |  2.4
Unarmed Combat | 1 2 |  2.8
Fighting       | |  2.0
Armour         | |  0.8
Dodging        | |  0.8
Spellcasting   | |  2.0
Charms         | |  2.6

Action                   |  1- 3 |  4- 6 || total
-------------------------+-------+-------++-------
Melee: Spear             |   146 |    40 ||   186
       Kick              |    17 |     8 ||    25
 Cast: Infusion          |     5 |     1 ||     6
       Regeneration      |     1 |       ||     1
       Song of Slaying   |     1 |       ||     1
  Eat: Chunk             |     2 |       ||     2
Armor: Ring mail         |    30 |       ||    30
       Leather armour    |    19 |    12 ||    31
Dodge: Dodged            |    56 |    20 ||    76
